 Dungeon Crawl Stone Soup version 0.28.0 (webtiles) character file.

Game seed: 13763801384950723112

12203 iguanaiguana the Summoner (level 12, -5/68 HPs)
             Began as a Kobold Summoner on Feb 17, 2022.
             Was a High Priest of Wu Jian.
             Slain by an orc warrior (14 damage)
             ... on level 11 of the Dungeon on Feb 18, 2022.
             The game lasted 01:22:01 (16200 turns).

iguanaiguana the Summoner (Kobold Summoner)        Turns: 16200, Time: 01:22:01

Health: -5/68      AC:  8    Str: 12    XL:     12   Next: 17%
Magic:  10/19      EV: 16    Int: 20    God:    Wu Jian [*****.]
Gold:   587        SH:  0    Dex: 16    Spells: 2/20 levels left

rFire   + . .      SeeInvis .   b - +4 dagger (drain)
rCold   . . .      Faith    +   (no shield)
rNeg    . . .      Spirit   .   d - +3 leather armour {rF+}
rPois   .          Reflect  .   (no helmet)
rElec   .          Harm     .   K - +0 cloak
rCorr   .          Rampage  .   (no gloves)
Will    +....                   x - +0 pair of boots
Stlth   ++++......              I - amulet of faith
HPRegen 0.21/turn               E - ring of willpower
MPRegen 0.16/turn               o - +6 ring of strength

@: about to teleport
A: small, no large weapons, nightstalker 3
a: Renounce Religion, Wall Jump, Serpent's Lash, Heavenly Storm


You were on level 11 of the Dungeon.
You worshipped Wu Jian.
Wu Jian was extremely pleased with you.
You visited 2 branches of the dungeon, and saw 12 of its levels.
You also visited: Sewer, Ossuary and Bailey.

You collected 671 gold pieces.
You spent 84 gold pieces at shops.

Inventory:

Hand Weapons
 a - the +2 mace of Imbalance {freeze, rElec Int+4}
   (You found it on level 5 of the Dungeon)

   It freezes those it strikes, dealing additional cold damage.
   It can also slow down cold-blooded creatures.
   Int:       It affects your intelligence (+4).
   rElec:     It insulates you from electricity.
 b - a +4 dagger of draining (weapon)
Missiles
 h - 37 poisoned darts
 G - 2 throwing nets
Armour
 d - a +3 leather armour of fire resistance (worn)
 e - the +0 robe of Fuejeczo {Rampage rElec rF- Will+}
   (You found it on level 4 of the Dungeon)

   rF:        It makes you vulnerable to fire.
   rElec:     It insulates you from electricity.
   Rampage:   It bestows one free step when moving towards enemies.
   Will:      It increases your willpower.
 x - a +0 pair of boots (worn)
 K - a +0 cloak (worn)
Jewellery
 i - a ring of poison resistance
 o - a +6 ring of strength (right hand)
 w - a ring of flight
 E - a ring of willpower (left hand)
 I - an amulet of faith (around neck)
Wands
 j - a wand of mindburst (7)
 s - a wand of polymorph (14)
 y - a wand of iceblast (10) {@v2}
 D - a wand of flame (13)
Scrolls
 f - 4 scrolls of teleportation {@r3}
 l - 4 scrolls of enchant armour
 p - a scroll of amnesia
 r - a scroll of enchant weapon {unknown}
 t - a scroll of fog {unknown}
 u - a scroll of holy word {unknown}
 z - a scroll of summoning {unknown}
 A - a scroll of magic mapping {@r5}
 C - 2 scrolls of silence
 F - a scroll of fear {unknown}
 H - 2 scrolls of immolation
Potions
 c - 10 potions of curing {@q1}
 g - a potion of might {@q3}
 k - 8 potions of flight
 n - 4 potions of mutation
 q - 3 potions of magic
 v - 6 potions of heal wounds {@q2}
 B - a potion of ambrosia
 J - a potion of lignification
 L - a potion of cancellation {unknown}


   Skills:
 + Level 5.4 Fighting
 + Level 5.3 Short Blades
 - Level 5.0 Throwing
 + Level 3.2 Armour
 + Level 5.3 Dodging
 * Level 7.1 Stealth
 * Level 4.8 Spellcasting
 - Level 4.0 Conjurations
 - Level 2.0 Hexes
 + Level 10.1 Summonings
 + Level 2.4 Translocations
 - Level 8.0 Air Magic
 - Level 4.0 Poison Magic
 - Level 4.0 Evocations


You had 2 spell levels left.
You knew the following spells:

 Your Spells              Type           Power      Damage    Failure   Level
a - Summon Small Mammal   Summ           100%       N/A       1%          1
b - Call Imp              Summ           45%        N/A       1%          2
c - Call Canine Familiar  Summ           45%        N/A       1%          3
d - Summon Guardian Gole  Hex/Summ       29%        N/A       3%          3
e - Summon Lightning Spi  Summ/Air       41%        N/A       3%          4
f - Mephitic Cloud        Conj/Pois/Air  26%        N/A       4%          3
g - Poisonous Vapours     Pois/Air       56%        N/A       1%          2

Your spell library contained the following spells:

 Spells                   Type           Power      Damage    Failure   Level
 Magic Dart               Conj           80%        1d7       3%          1
 Corpse Rot               Necr/Air       40%        N/A       4%          2
 Slow                     Hex            48%        N/A       7%          1
 Sting                    Tmut/Pois      48%        1d5       7%          1
 Blink                    Tloc           28%        N/A       9%          2
 Beastly Appendage        Tmut           8%         N/A       16%         1
 Pain                     Necr           16%        1d4       16%         1
 Ensorcelled Hibernation  Hex/Ice        16%        N/A       16%         2
 Wereblood                Tmut           4%         N/A       22%         2
 Summon Ice Beast         Ice/Summ       25%        N/A       19%         4
 Confusing Touch          Hex            12%        N/A       21%         3
 Spider Form              Tmut/Pois      12%        N/A       21%         3
 Olgreb's Toxic Radiance  Pois           20%        N/A       28%         4
 Frozen Ramparts          Ice            8%         1d2       41%         3
 Ozocubu's Armour         Ice            4%         N/A       41%         3
 Vampiric Draining        Necr           4%         2d6       41%         3
 Anguish                  Hex/Necr       4%         N/A       69%         4
 Ice Form                 Ice/Tmut       4%         N/A       83%         4
 Manifold Assault         Tloc           14%        N/A       83%         5
 Haunt                    Necr/Summ      12%        N/A       100%        7
 Storm Form               Tmut/Air       10%        N/A       100%        7
 Necromutation            Tmut/Necr      2%         N/A       100%        8


Dungeon Overview and Level Annotations

Branches:
Dungeon (11/15)            Temple (1/1) D:4           Sewer (visited)
Ossuary (visited)          Bailey (visited)
   Lair: D:8-11         Orc: D:9-12

Altars:
Dithmenos
Elyvilon
Gozag
Qazlal
Ru
Sif Muna
Wu Jian
Xom
Yredelemnul
The Shining One

Shops:
D:3 (   D:4 *

Annotations:
D:1 exclusion: 2 downstairs
D:3 exclusion: door
D:4 exclusion: downstairs
D:10 1 runed translucent door


Innate Abilities, Weirdness & Mutations

You are small and have problems with some larger weapons.
You are completely attuned to the shadows.


Message History

The orc hits the orc warrior but does no damage.
The vampire mosquito bites your lightning spire!
The orc warrior hits your lightning spire with a +0 long sword!
Harold hits you with a +0 long sword!!
* * * LOW HITPOINT WARNING * * *
You strike the helpless Harold from behind!
You impale Harold!! You drain Harold!
Harold is almost dead.
The vampire mosquito completely misses your lightning spire.
The vampire mosquito bites you.
* * * LOW HITPOINT WARNING * * *
The vampire mosquito draws strength from your injuries!
You hit Harold but do no damage.
Harold is almost dead.
The vampire mosquito bites your lightning spire!
Your lightning spire is destroyed!
Your lightning spire disappears in a puff of smoke!
Harold misses you. The vampire mosquito bites you!
* * * LOW HITPOINT WARNING * * *
The vampire mosquito draws strength from your injuries!
You strike the helpless Harold from behind!
You impale Harold!!
You kill Harold!
The Council accepts your kill.
You can now summon a storm of heavenly clouds to empower your attacks.
The orc closely misses you.
Your Stealth skill increases to level 7!
You spin and attack the vampire mosquito.
You completely miss the vampire mosquito.
The vampire mosquito closely misses you.
The vampire mosquito bites you but does no damage.
A centaur warrior zombie comes into view.
The vampire mosquito closely misses you.
As you read the scroll of teleportation {@r3}, it crumbles to dust.
You feel strangely unstable. The vampire mosquito bites you!
* * * LOW HITPOINT WARNING * * *
The vampire mosquito draws strength from your injuries!
The vampire mosquito completely misses you.
The orc warrior hits you with a +0 long sword!
You die...

.(.....#
##..##
........#
##..##
.......##
##..##
.......#
##..##
.....)##
#...##
.....##
##..)##
....##
##...##
...##
#:....#
..##
##@...(.
.##
#oyy....
..#
#.W.....
#.##
#.o§o....
#..#
#..)..Z.
##.##
#.......
#..##
##..#
##.#####


You could see a wraith, an orc warrior, 2 vampire mosquitoes, an orc wizard, an
orc (confused) and a centaur warrior zombie (wandering).

Vanquished Creatures
  Harold (D:11)
  A two-headed ogre (D:10)
  Nergalle (D:11)
  An orc knight (Bailey)
  Pikel (D:4)
  A troll (D:11)
  A slime creature (D:10)
  A hornet (D:9)
  Sigmund (D:4)
  A wraith (Ossuary)
  A shadow (D:9)
  A steam dragon (D:7)
  3 vampire mosquitoes (D:10)
  Duvessa (D:5)
  2 black bears
  2 orc warriors
  A necrophage (D:5)
  3 centaurs
  3 phantoms
  A scorpion (D:4)
  A wyvern zombie (D:8)
  2 killer bees
  A howler monkey (D:10)
  A centaur zombie (D:8)
  An orc priest (D:8)
  3 hounds
  2 orc wizards
  A howler monkey zombie (D:9)
  7 gnolls
  3 adders
  A shadow imp (D:8)
  A worm (D:2)
  13 orcs
  A ball python (D:1)
  An endoplasm (D:4)
  6 hobgoblins
  A quokka (Sewer)
  2 ball python skeletons (Ossuary)
  3 frilled lizards (Sewer)
  6 goblins
  A hobgoblin skeleton (Ossuary)
  3 kobolds
  A kobold zombie (Ossuary)
  An orc zombie (Ossuary)
  7 rats
98 creatures vanquished.

Vanquished Creatures (collateral kills)
  A two-headed ogre (D:8)
  An ugly thing (D:9)
  A troll (D:9)
  3 slime creatures (D:10)
  A wraith (D:11)
  A yak (D:8)
  A wyvern (D:9)
  A hog (D:7)
  A redback simulacrum (D:11)
  2 water moccasins
  An acid dragon (D:9)
  An ice beast (D:7)
  2 ogres
  6 orc warriors
  A lemure (D:4)
  A kobold brigand (D:8)
  A phantom (D:6)
  A scorpion (D:2)
  9 killer bees
  A howler monkey (D:7)
  2 wights (D:7)
  2 centaur zombies
  2 jellies
  A hound (D:4)
  An orc priest (D:9)
  An iguana (D:4)
  6 orc wizards
  A merfolk siren (Sewer)
  Terence (D:3)
  A merfolk avatar (Sewer)
  A killer bee zombie (D:8)
  2 gnolls
  13 adders
  3 river rats (Sewer)
  A worm (D:3)
  2 dart slugs
  27 orcs
  7 ball pythons
  2 bats
  3 endoplasms
  3 giant cockroaches
  12 goblins
  10 hobgoblins
  5 jackals
  19 kobolds
  6 quokkas
  4 frilled lizards
  A hobgoblin zombie (Ossuary)
  A kobold zombie (D:10)
  An orc skeleton (Ossuary)
  An orc zombie (Ossuary)
  19 rats
198 creatures vanquished.

Vanquished Creatures (others)
  A human (D:7)
  3 hogs (D:7)
  2 orc warriors (Bailey)
  A centaur (D:9)
  An ogre (D:4)
  A wyvern skeleton (D:7)
  4 killer bees
  Dowan (D:5)
  2 wights (D:7)
  A gnoll shaman (D:5)
  An iguana (D:5)
  An orc wizard (D:8)
  A howler monkey zombie (D:5)
  2 gnolls (D:5)
  A white imp (D:5)
  10 toadstools (D:3)
33 creatures vanquished.

Grand Total: 329 creatures vanquished

Notes
Turn   | Place    | Note
-------+----------+-------------------------------------------
     0 | D:1      | iguanaiguana the Kobold Summoner began the quest for the
                  | Orb.
     0 | D:1      | Reached XP level 1. HP: 10/10 MP: 3/3
    66 | D:1      | Got the Disquisition on Unholy Cold
   313 | D:1      | Reached XP level 2. HP: 16/16 MP: 1/5
   758 | D:1      | Reached skill level 1 in Fighting
  1522 | D:1      | Reached XP level 3. HP: 17/20 MP: 2/6
  1525 | D:1      | Learned a level 2 spell: Call Imp
  1740 | D:2      | Reached skill level 5 in Summonings
  1740 | D:2      | Reached XP level 4. HP: 26/26 MP: 4/7
  1746 | D:2      | Learned a level 3 spell: Call Canine Familiar
  1829 | D:2      | Noticed a scorpion
  1847 | D:2      | Killed a scorpion
  1848 | D:2      | Reached XP level 5. HP: 31/31 MP: 3/8
  2502 | D:3      | Found a glowing drain.
  2541 | Sewer    | Entered a sewer
  2665 | Sewer    | Reached skill level 6 in Summonings
  2674 | Sewer    | Reached XP level 6. HP: 37/37 MP: 7/9
  3276 | Sewer    | Reached skill level 1 in Short Blades
  3276 | Sewer    | Reached skill level 1 in Air Magic
  3874 | D:3      | Noticed Terence
  3892 | D:3      | Killed Terence
  3893 | D:3      | Reached XP level 7. HP: 41/41 MP: 2/10
  4051 | D:3      | Found an ornate altar of the Wu Jian Council.
  4056 | D:3      | Became a worshipper of the Wu Jian Council
  4452 | D:3      | Found Fedwemid's Antique Weapon Boutique.
  4508 | D:3      | Found a stormy altar of Qazlal.
  4658 | D:4      | Noticed Sigmund
  4736 | D:4      | Killed Sigmund
  4737 | D:4      | Reached skill level 1 in Armour
  4801 | D:4      | Found a sand-covered staircase.
  4807 | Ossuary  | Entered an ossuary
  4954 | Ossuary  | Noticed a flying skull
  4954 | Ossuary  | Noticed a wraith
  4967 | Ossuary  | Noticed a flying skull
  4972 | Ossuary  | Noticed a flying skull
  4974 | Ossuary  | Noticed a flying skull
  4997 | Ossuary  | Noticed a wraith
  5029 | Ossuary  | Killed a wraith
  5030 | Ossuary  | Reached XP level 8. HP: 38/48 MP: 2/12
  5215 | D:4      | Reached * piety under Wu Jian
  5293 | D:4      | Found a staircase to the Ecumenical Temple.
  5361 | D:4      | Found a shimmering altar of Xom.
  5443 | Temple   | Entered the Ecumenical Temple
  5733 | D:4      | Found Uphaxoi's General Store.
  5786 | D:4      | Bought 2 potions of curing for 84 gold pieces
  6109 | D:4      | Reached skill level 7 in Summonings
  6125 | D:4      | Noticed Pikel
  6151 | D:4      | Killed Pikel
  6152 | D:4      | Reached XP level 9. HP: 41/52 MP: 6/14
  6156 | D:4      | Learned a level 3 spell: Summon Guardian Golem
  6738 | D:4      | Identified the +0 robe of Fuejeczo {Rampage rElec rF-
                  | Will+}
  6932 | D:5      | Entered Level 5 of the Dungeon
  6984 | D:5      | Found a white marble altar of Elyvilon.
  6985 | D:5      | Noticed Duvessa
  6985 | D:5      | Noticed Dowan
  7010 | D:5      | Killed Dowan
  7014 | D:5      | Killed Duvessa
  7185 | D:5      | Found an opulent altar of Gozag.
  7287 | D:5      | Reached skill level 1 in Throwing
  7337 | D:5      | Found a shadowy altar of Dithmenos.
  7794 | D:5      | Reached ** piety under Wu Jian
  8099 | D:5      | Identified the +2 mace of Imbalance {freeze, rElec Int+4}
  8232 | D:5      | Learned a level 4 spell: Summon Lightning Spire
  8303 | D:5      | Found a sacrificial altar of Ru.
  8813 | D:6      | Reached skill level 5 in Throwing
  9136 | D:7      | Reached skill level 5 in Stealth
  9206 | D:7      | Reached skill level 1 in Conjurations
  9206 | D:7      | Reached skill level 1 in Poison Magic
  9220 | D:7      | Reached XP level 10. HP: 46/58 MP: 3/15
  9316 | D:7      | Learned a level 3 spell: Mephitic Cloud
 10382 | D:8      | Found a flagged portal.
 10409 | D:8      | Reached *** piety under Wu Jian
 10482 | Bailey   | Entered a bailey
 10747 | Bailey   | Reached skill level 5 in Air Magic
 10846 | Bailey   | Noticed an orc knight
 10876 | Bailey   | Killed an orc knight
 10877 | Bailey   | Reached skill level 5 in Fighting
 10877 | Bailey   | Reached skill level 8 in Summonings
 11116 | Bailey   | Noticed an orc knight
 11196 | Bailey   | Reached **** piety under Wu Jian
 11318 | Bailey   | Noticed an orc warlord
 11318 | Bailey   | Noticed an orc knight
 11507 | Bailey   | Noticed an orc knight
 11740 | D:8      | Reached XP level 11. HP: 61/63 MP: 12/17
 12066 | D:8      | Reached skill level 9 in Summonings
 12412 | D:8      | Noticed a two-headed ogre
 12424 | D:8      | Killed a two-headed ogre
 12425 | D:8      | Reached skill level 10 in Summonings
 13455 | D:9      | Noticed a brown ugly thing
 13471 | D:9      | Killed a brown ugly thing
 13671 | D:9      | Learned a level 2 spell: Poisonous Vapours
 13958 | D:9      | Found a glowing golden altar of the Shining One.
 13959 | D:9      | Found a shimmering blue altar of Sif Muna.
 14536 | D:10     | Entered Level 10 of the Dungeon
 14853 | D:10     | Noticed a two-headed ogre
 14866 | D:10     | Killed a two-headed ogre
 14890 | D:10     | Reached ***** piety under Wu Jian
 15557 | D:10     | Found a runed translucent door.
 15596 | D:10     | Found a basalt altar of Yredelemnul.
 15619 | D:10     | Reached skill level 1 in Translocations
 15763 | D:10     | Reached skill level 5 in Dodging
 16072 | D:11     | Reached skill level 5 in Short Blades
 16115 | D:11     | Reached XP level 12. HP: 61/68 MP: 13/18
 16170 | D:11     | Noticed Nergalle
 16172 | D:11     | Killed Nergalle
 16174 | D:11     | Noticed Harold
 16198 | D:11     | Killed Harold
 16200 | D:11     | Slain by an orc warrior

Illustrated notes

Levels and vault maps discovered:
D:1:      erik_arrival_cave_to_civilisation [erik_arrival_cave_to_hall],
          layout_basic, dk_noncrumbling_4, minmay_indecisive_spiral
D:2:      layout_rooms, wad_orctagon
D:3:      cheibrodos_fertilizer, layout_rooms, grunt_qazlal_clouds,
          mainiacjoe_overflow_small_starburst, serial_shops,
          nicolae_shop_advertising_works [nicolae_subvault_shop_adworks],
          gup_sewer_entry_pipe, eino_tiny_chamber, uniq_terence
D:4:      layout_gridville, old_standard_altar, minmay_temple_entry_fiery,
          nicolae_ossuary_entry_ruins, minmay_misc_feat_secret_circle,
          nicolae_inconvenience_store, uniq_pikel, uniq_sigmund
D:5:      layout_basic, elyvilon_altar_5, overflow_temple_1_default,
          mainiacjoe_overflow_catch_the_wave, serial_curves, eino_curves_01,
          eino_curves_01, uniq_duvessa
D:6:      layout_cave_pools
D:7:      layout_loops_ring, minmay_misc_feat_tower, grunt_livestock
D:8:      layout_basic, enter_bailey_5, hangedman_minor_gate_pass
D:9:      layout_loops_ring, minitemple
D:10:     layout_irregular_city, dk_yredelemnul_ordeal, serial_column_ruins,
          column_ruins_open_small, column_ruins_open_tiny,
          column_ruins_corridor_straight, minmay_misc_feat_enclosed,
          patterned_corridor
D:11:     layout_cave_pods, lair_entry_dummy, onia_ninara_cookie, uniq_nergalle,
          uniq_harold
Temple:   minmay_temple_bridge_abc

Skill      XL: |  1  2  3  4  5  6  7  8  9 10 11 12 |
---------------+-------------------------------------+-----
Fighting       | 1 2 3 4 5 |  5.4
Summonings     | 5 6 7 8 10 | 10.1
Short Blades   | 1 2 3 4 5 |  5.3
Air Magic      | 1 2 4 5 8 |  8.0
Stealth        | 3 4 5 6 7 |  7.1
Armour         | 1 2 3 |  3.2
Dodging        | 3 4 5 |  5.3
Spellcasting   | 3 4 |  4.8
Hexes          | 2 |  2.0
Evocations     | 4 |  4.0
Throwing       | 5 |  5.0
Conjurations   | 1 3 4 |  4.0
Poison Magic   | 1 2 4 |  4.0
Translocations | 2 |  2.4

Action                   |  1- 3 |  4- 6 |  7- 9 | 10-12 || total
-------------------------+-------+-------+-------+-------++-------
Melee: Unarmed           |     1 |       |       |       ||     1
       Dagger            |     8 |       |    77 |   182 ||   267
       Short sword       |     8 |    22 |    29 |       ||    59
       Spear             |       |    38 |    19 |       ||    57
       Flail             |       |       |     7 |       ||     7
       Punch             |       |       |     2 |     3 ||     5
Throw: Dart              |       |       |    15 |     1 ||    16
       Throwing net      |       |       |       |     1 ||     1
 Cast: Summon Small Mamm |    33 |    24 |    10 |       ||    67
       Call Imp          |     4 |    28 |    24 |     2 ||    58
       Call Canine Famil |       |    10 |    43 |    37 ||    90
       Summon Guardian G |       |       |    11 |    19 ||    30
       Summon Lightning  |       |       |       |    41 ||    41
       Mephitic Cloud    |       |       |       |     9 ||     9
       Poisonous Vapours |       |       |       |     3 ||     3
Invok: Lunge             |       |       |    24 |    25 ||    49
       Whirlwind         |       |       |    11 |    32 ||    43
       Serpent's Lash    |       |       |       |     1 ||     1
 Abil: Wall Jump         |       |       |     1 |     1 ||     2
Evoke: Wand              |       |       |     4 |       ||     4
  Use: Potion            |       |     1 |     1 |       ||     2
       Scroll            |       |       |     5 |    12 ||    17
 Stab: Sleeping          |       |     3 |    16 |    16 ||    35
       Distracted        |       |       |     4 |     5 ||     9
       Held in net/web   |       |       |       |     1 ||     1
       Confused          |       |       |       |     2 ||     2
Armor: Leather armour    |     9 |    11 |    22 |    34 ||    76
Dodge: Dodged            |    34 |    50 |    89 |   144 ||   317
